 Dungeon Crawl Stone Soup version 0.26.1-11-gd32895ea62 (webtiles) character file.

Game seed: 15060123805623660354

237 Almogavar the Slasher (level 5, -2/50 HPs)
             Began as a Palentonga Berserker on July 17, 2021.
             Was a Believer of Trog.
             Slain by an iron imp (6 damage)
             ... summoned by Eustachio
             ... on level 4 of the Dungeon.
             The game lasted 00:08:16 (3458 turns).

Almogavar the Slasher (Palentonga Berserker)        Turns: 3458, Time: 00:08:17

Health: -2/50      AC:  4    Str: 21    XL:     5   Next: 77%
Magic:  5/5        EV: 10    Int:  8    God:    Trog [**....]
Gold:   133        SH:  0    Dex:  9    Spells: 4/4 levels left

rFire    . . .     SeeInvis +   a - +0 falchion
rCold    . . .     Faith    .   (no shield)
rNeg     . . .     Spirit   .   b - +0 animal skin
rPois    .         Reflect  .   (no helmet)
rElec    .         Harm     .   (no cloak)
rCorr    .         Rampage  .   (no gloves)
Will     .....                  (no barding)
Stlth    +.........             (no amulet)
HPRegen  0.16/turn              (no ring)
MPRegen  0.09/turn              (no ring)

@: no status effects
A: large, rugged brown scales 3, see invisible, deformed body, roll 1, armoured
tail
a: Rolling Charge, Renounce Religion, Berserk, Trog's Hand


You were on level 4 of the Dungeon.
You worshipped Trog.
Trog was pleased with you.
You visited 1 branch of the dungeon, and saw 4 of its levels.

You collected 133 gold pieces.

Inventory:

Hand Weapons
 a - a +0 falchion (weapon)
Armour
 b - a +0 animal skin (worn)
 g - a +0 chain mail
Scrolls
 c - a scroll of fear {unknown}
 d - 3 scrolls of remove curse
 i - a scroll of enchant weapon {unknown}
 j - a scroll of noise {unknown}
 k - 2 scrolls of identify {unknown}
 m - a scroll of random uselessness {unknown}
Potions
 e - a potion of curing {unknown}
 f - 2 potions of lignification {unknown}
 h - a potion of haste {unknown}
 l - a potion of attraction {unknown}


   Skills:
 + Level 4.4 Fighting
 + Level 5.0 Long Blades
 + Level 1.7 Armour
 + Level 2.4 Dodging


You had 4 spell levels left.
You didn't know any spells.
Your spell library was empty.

Dungeon Overview and Level Annotations

Branches:
Dungeon (4/15)
 Temple: D:4-7

Altars:

Annotations:
D:4 Eustachio


Innate Abilities, Weirdness & Mutations

You are completely covered in rugged brown scales. (AC +3, +7% HP)
You have supernaturally acute eyesight. (SInv)
Armour fits poorly on your strangely shaped body.
You can roll at nearby foes to attack.
You have a long armoured tail.


Message History

You barely miss Eustachio.
Eustachio is severely wounded.
The iron imp hits you! Eustachio hits you but does no damage.
The crimson imp blinks!
You hit Eustachio but do no damage.
Eustachio is severely wounded.
The iron imp hits you. Eustachio barely misses you.
You hit Eustachio.
Eustachio is severely wounded.
The iron imp hits you.
Eustachio hits you with a +2 vampiric rapier!
* * * LOW HITPOINT WARNING * * *
The crimson imp blinks!
You hit Eustachio.
Eustachio is severely wounded.
Eustachio hits you with a +2 vampiric rapier.
* * * LOW HITPOINT WARNING * * *
Eustachio draws strength from your wounds!
The iron imp hits you.
You die...

#<# #.####.###
###..<...?.#
#...####.....
#.### .## #.#
#.#
#$###.######r#
#..5....5@@r5#
....###.########
## #.# #.# #.#
#.# #.# #..


You could see Eustachio, an iron imp (summoned), a quasit (summoned), a crimson
imp (summoned) and 2 quokkas.

Vanquished Creatures
  An orc priest (D:3)
  Terence (D:2)
  Natasha (twice) (D:2)
  6 adders
  An adder zombie (D:3)
  3 worms
  2 dart slugs
  A leopard gecko (D:1)
  9 orcs
  4 giant cockroaches
  2 goblins (D:3)
  3 hobgoblins
  2 quokkas
  10 bats
  2 frilled lizards (D:1)
  3 kobolds
  9 rats
61 creatures vanquished.

Vanquished Creatures (others)
  A hobgoblin (D:3)
1 creature vanquished.

Grand Total: 62 creatures vanquished

Notes
Turn   | Place    | Note
-------+----------+-------------------------------------------
     0 | D:1      | Almogavar the Palentonga Berserker began the quest for the
                  | Orb.
     0 | D:1      | Reached XP level 1. HP: 20/20 MP: 1/1
   115 | D:1      | Reached XP level 2. HP: 22/27 MP: 2/2
   951 | D:2      | Reached XP level 3. HP: 19/33 MP: 3/3
  1472 | D:2      | Noticed Terence
  1484 | D:2      | Killed Terence
  1485 | D:2      | Reached skill level 4 in Long Blades
  1485 | D:2      | Reached XP level 4. HP: 39/42 MP: 4/4
  1809 | D:2      | Noticed Natasha
  1818 | D:2      | Killed Natasha
  1826 | D:2      | Noticed Natasha
  1830 | D:2      | Killed Natasha
  1936 | D:2      | Reached XP level 5. HP: 31/49 MP: 5/5
  2055 | D:3      | HP: 1/49 [kobold/+0 short sword (6)]
  2865 | D:3      | Reached ** piety under Trog
  3158 | D:3      | Reached skill level 5 in Long Blades
  3436 | D:4      | Noticed Eustachio
  3458 | D:4      | Slain by an iron imp

Illustrated notes

Levels and vault maps discovered:
D:1:      doesnt_arrival_eight_statues, layout_basic
D:2:      layout_rooms, uniq_natasha, uniq_terence
D:3:      layout_rooms
D:4:      layout_loops_ring, grunt_decor_resistance, uniq_eustachio

Skill      XL: |  1  2  3  4  5 |
---------------+----------------+-----
Long Blades    | 4 5 |  5.0
Dodging        | 2 |  2.4
Fighting       | 4 |  4.4
Armour         | |  1.7

Action                   |  1- 3 |  4- 6 || total
-------------------------+-------+-------++-------
Melee: Falchion          |    87 |   114 ||   201
       Tailslap          |     6 |    19 ||    25
Invok: Berserk           |     3 |     1 ||     4
 Abil: Rolling Charge    |    17 |    19 ||    36
  Use: Scroll            |       |     2 ||     2
Armor: Animal skin       |    29 |    23 ||    52
Dodge: Dodged            |    58 |    53 ||   111
       Rpst.: Falchion   |    19 |    16 ||    35
